 Dungeon Crawl Stone Soup version 0.27.0-1-g7a089689b8 (webtiles) character file.

Game seed: 3630796121046150061

1065 mainiacjoe the Shield-Bearer (level 8, 0/67 HPs)
             Began as a Gnoll Fighter on Aug 17, 2021.
             Slain by a manticore (1 damage)
             ... on level 7 of the Dungeon.
             The game lasted 00:12:13 (4772 turns).

mainiacjoe the Shield-Bearer (Gnoll Fighter)        Turns: 4772, Time: 00:12:15

Health: 0/67       AC:  6    Str: 19    XL:     8   Next: 27%
Magic:  12/12      EV: 10    Int:  9    God:
Gold:   214        SH: 11    Dex: 13    Spells: 13/13 levels left

rFire    . . .     SeeInvis .   a - +3 flail
rCold    . . .     Faith    .   c - +0 kite shield
rNeg     . . .     Spirit   .   s - +0 ring mail {Will+}
rPois    .         Reflect  .   (no helmet)
rElec    .         Harm     .   (no cloak)
rCorr    .         Rampage  .   (no gloves)
Will     +....     Clarity  +   (no boots)
Stlth    ++........             (no amulet)
HPRegen  0.21/turn              (no ring)
MPRegen  0.13/turn              (no ring)

@: no status effects
A: fangs 1, strong nose, distributed training, hooves 1, agile 1, clarity,
strong 1
a: no special abilities


You were on level 7 of the Dungeon.
You visited 2 branches of the dungeon, and saw 8 of its levels.

You collected 214 gold pieces.

Inventory:

Hand Weapons
 a - a +3 flail (weapon)
 o - a +1 flail
Missiles
 h - 13 boomerangs
 m - 56 stones
 t - 7 poisoned darts (quivered)
Armour
 b - a +0 scale mail
 c - a +0 kite shield (worn)
 s - a +0 ring mail of willpower (worn)
Jewellery
 q - a ring of wizardry
Scrolls
 f - 2 scrolls of immolation
 g - a scroll of torment
 i - 2 scrolls of amnesia {unknown}
 k - 2 scrolls of magic mapping
 l - a scroll of enchant weapon
 n - 2 scrolls of fear {unknown}
 p - a scroll of blinking {unknown}
 r - a scroll of noise {unknown}
 v - a scroll of enchant armour {unknown}
 w - a scroll of teleportation
Potions
 d - 4 potions of might
 e - a potion of mutation
 j - a potion of lignification
 u - 2 potions of curing {unknown}


   Skills:
 + Level 7.3 Fighting
 + Level 3.1 Short Blades
 + Level 3.1 Long Blades
 + Level 3.1 Axes
 + Level 5.6 Maces & Flails
 + Level 3.1 Polearms
 + Level 3.1 Staves
 + Level 3.1 Slings
 + Level 3.1 Bows
 + Level 3.1 Crossbows
 + Level 3.1 Throwing
 + Level 7.3 Armour
 + Level 3.1 Dodging
 + Level 3.1 Stealth
 + Level 7.3 Shields
 + Level 3.1 Unarmed Combat
 + Level 3.1 Spellcasting
 + Level 2.5 Conjurations
 + Level 2.5 Hexes
 + Level 2.5 Summonings
 + Level 2.5 Necromancy
 + Level 2.5 Translocations
 + Level 2.5 Transmutations
 + Level 2.5 Fire Magic
 + Level 2.5 Ice Magic
 + Level 2.5 Air Magic
 + Level 2.5 Earth Magic
 + Level 2.5 Poison Magic
 + Level 3.4 Invocations
 + Level 3.1 Evocations


You had 13 spell levels left.
You didn't know any spells.
Your spell library was empty.

Dungeon Overview and Level Annotations

Branches:
Dungeon (6/15)             Temple (1/1) D:4

Altars:
Cheibriados
Dithmenos
Elyvilon
Fedhas
Gozag
Kikubaaqudgha
Nemelex Xobeh
Okawaru
Ru
Sif Muna
Trog
Uskayaw
Vehumet
Wu Jian
Xom
Yredelemnul
The Shining One

Shops:
D:6 =


Innate Abilities, Weirdness & Mutations

You have very sharp teeth.
Your uncanny sense of smell can sniff out nearby items.
Your experience applies equally to all skills.
You have large cloven feet.
You are agile. (Dex +2)
You possess an exceptional clarity of mind.
Your muscles are strong. (Str +2)


Message History

You throw a poisoned dart. The poisoned dart hits the iguana.
The iguana is poisoned.
You closely miss the iguana.
The iguana is lightly wounded.
The iguana bites you but does no damage.
You block the iguana's attack.
You thump the iguana!
You kill the iguana!
A necrophage comes into view.
The manticore flicks its tail.
The volley of spikes misses you.
You throw a poisoned dart.
The poisoned dart barely misses the manticore.
You throw a poisoned dart. The poisoned dart hits the manticore.
The manticore is poisoned.
You hit the manticore.
The manticore is lightly wounded.
The manticore bites you! The manticore claws you.
The manticore closely misses you.
You sock the manticore!
The manticore is moderately wounded.
The manticore bites you!!
The manticore claws you but does no damage.
You block the manticore's attack.
You are too injured to fight recklessly!
You are too injured to fight recklessly!
You hit the manticore but do no damage.
The manticore is moderately wounded.
The manticore bites you. You block the manticore's attack. x2
The manticore bites you!
* * * LOW HITPOINT WARNING * * *
The manticore barely misses you. The manticore claws you!
* * * LOW HITPOINT WARNING * * *
It was a potion of mutation.
You feel extremely strange.
Your feet thicken and deform.
You feel agile.
Your thoughts seem clearer.
You feel stronger.
The sentinel's mark upon you fades away.
An orc wizard comes into view. It is wielding a +0 dagger.
You block the manticore's attack. x2; The manticore claws you.
You die...

#..........# #........#.#
#....#..... ... #...#....
...... ##### #...... ......
##...# #..... ........ ##....#
###...## #........ #..).##
##....@.##........ #
##...####.....nH.....#...
.##...))##........(..###.##
..#...#............(###...#
#....##..)..........(...##
#.................##.....##
..................##......##
.................##....o...#
...............................


You could see a manticore (poisoned), a necrophage and an orc wizard.

Vanquished Creatures
  Grinder (D:4)
  A sky beast (D:7)
  A black bear (D:5)
  2 scorpions
  A centaur zombie (D:7)
  A jelly (D:6)
  3 hounds
  A centaur skeleton (D:6)
  2 gnoll shamans
  3 iguanas
  2 orc wizards
  2 adders
  8 gnolls
  A shadow imp (D:7)
  An adder skeleton (D:4)
  5 worms
  4 dart slugs (D:2)
  13 orcs
  6 bats
  5 endoplasms
  3 giant cockroaches
  2 goblins
  9 hobgoblins
  3 jackals (D:2)
  4 kobolds
  3 quokkas
  9 ball pythons
  2 frilled lizards
  7 rats
105 creatures vanquished.

Vanquished Creatures (others)
  2 plants (D:1)
2 creatures vanquished.

Grand Total: 107 creatures vanquished

Notes
Turn   | Place    | Note
-------+----------+-------------------------------------------
     0 | D:1      | mainiacjoe the Gnoll Fighter began the quest for the Orb.
     0 | D:1      | Reached XP level 1. HP: 23/23 MP: 1/1
     2 | D:1      | Noticed a palentonga
     2 | D:1      | Noticed a demonspawn
     4 | D:1      | Noticed a tengu
     6 | D:1      | Noticed a naga
     6 | D:1      | Noticed a minotaur
     8 | D:1      | Noticed a ghoul
     8 | D:1      | Noticed a formicid
    10 | D:1      | Noticed an elf
    10 | D:1      | Noticed a troll
    12 | D:1      | Noticed a djinni
    12 | D:1      | Noticed a dwarf
    14 | D:1      | Noticed a human
    16 | D:1      | Noticed a gargoyle
    16 | D:1      | Noticed a felid
    18 | D:1      | Noticed a draconian
    18 | D:1      | Noticed a spriggan
    20 | D:1      | Noticed a demigod
    22 | D:1      | Noticed a vampire
    22 | D:1      | Noticed an octopode
    24 | D:1      | Noticed an ogre
    24 | D:1      | Noticed a barachi
    26 | D:1      | Noticed a vine stalker
    26 | D:1      | Noticed a merfolk
   100 | D:1      | Found a faded altar of an unknown god.
   231 | D:1      | Reached XP level 2. HP: 29/29 MP: 2/2
   286 | D:1      | You fall into a shaft and drop 1 floor!
   828 | D:2      | Found a radiant altar of Vehumet.
   846 | D:2      | Reached XP level 3. HP: 31/35 MP: 3/3
  1358 | D:2      | Reached skill level 1 in Invocations
  1473 | D:2      | Reached skill level 1 in Short Blades
  1473 | D:2      | Reached skill level 1 in Long Blades
  1473 | D:2      | Reached skill level 1 in Axes
  1473 | D:2      | Reached skill level 1 in Polearms
  1473 | D:2      | Reached skill level 1 in Staves
  1473 | D:2      | Reached skill level 1 in Slings
  1473 | D:2      | Reached skill level 1 in Bows
  1473 | D:2      | Reached skill level 1 in Crossbows
  1473 | D:2      | Reached skill level 1 in Throwing
  1473 | D:2      | Reached skill level 1 in Dodging
  1473 | D:2      | Reached skill level 1 in Stealth
  1473 | D:2      | Reached skill level 1 in Unarmed Combat
  1473 | D:2      | Reached skill level 1 in Spellcasting
  1473 | D:2      | Reached skill level 1 in Evocations
  1611 | D:2      | Reached XP level 4. HP: 41/41 MP: 5/5
  2562 | D:3      | Found a hide-covered altar of Uskayaw.
  2739 | D:3      | Found a white marble altar of Elyvilon.
  3095 | D:4      | Reached skill level 1 in Conjurations
  3095 | D:4      | Reached skill level 1 in Hexes
  3095 | D:4      | Reached skill level 1 in Summonings
  3095 | D:4      | Reached skill level 1 in Necromancy
  3095 | D:4      | Reached skill level 1 in Translocations
  3095 | D:4      | Reached skill level 1 in Transmutations
  3095 | D:4      | Reached skill level 1 in Fire Magic
  3095 | D:4      | Reached skill level 1 in Ice Magic
  3095 | D:4      | Reached skill level 1 in Air Magic
  3095 | D:4      | Reached skill level 1 in Earth Magic
  3095 | D:4      | Reached skill level 1 in Poison Magic
  3119 | D:4      | Reached XP level 5. HP: 45/47 MP: 6/6
  3160 | D:4      | Found a staircase to the Ecumenical Temple.
  3170 | Temple   | Entered the Ecumenical Temple
  3412 | D:4      | Noticed Grinder
  3442 | D:4      | Killed Grinder
  3443 | D:4      | Reached skill level 5 in Maces & Flails
  3443 | D:4      | Reached XP level 6. HP: 33/53 MP: 7/9
  3654 | D:4      | You fall into a shaft and drop 2 floors!
  3660 | D:6      | Found an opulent altar of Gozag.
  3667 | D:6      | Found Vyti's Jewellery Shop.
  3687 | D:5      | Entered Level 5 of the Dungeon
  3687 | D:5      | Noticed an ice beast
  3713 | D:6      | Reached XP level 7. HP: 21/59 MP: 10/10
  4310 | D:4      | You fall into a shaft and drop 3 floors!
  4348 | D:7      | Reached XP level 8. HP: 48/67 MP: 12/12
  4762 | D:7      | Noticed a manticore
  4771 | D:7      | HP: 1/67 [manticore (10)]
  4772 | D:7      | Gained mutation: You have large cloven feet. [potion of
                  | mutation]
  4772 | D:7      | Gained mutation: You are agile. (Dex +2) [potion of
                  | mutation]
  4772 | D:7      | Gained mutation: You possess an exceptional clarity of
                  | mind. [potion of mutation]
  4772 | D:7      | Gained mutation: Your muscles are strong. (Str +2) [potion
                  | of mutation]
  4772 | D:7      | Slain by a manticore

Illustrated notes

Levels and vault maps discovered:
D:1:      kb_arrival_jail, layout_loops_ring, serial_forest,
          infiniplex_forest_lined_2, infiniplex_forest_split,
          infiniplex_forest_clump_small, infiniplex_forest_lined_room_,
          infiniplex_forest_end_1, hellmonk_ecumenical_altar_heavens_door
D:2:      minmay_chambers_of_twos, layout_loops_cross, basic_altar
D:3:      layout_basic, lemuel_round_altar, mainiacjoe_overflow_24_doors
D:4:      layout_rooms, mainiacjoe_overflow_surrounded_room,
          kennysheep_mini_moat, minmay_temple_entry_butterflies, uniq_grinder
D:5:      layout_basic, amcnicky_mini_pool_small
D:6:      layout_rooms, general_overflow_altar,
          nicolae_gozag_cash_rules_everything_around_me, vehumet_statue,
          serial_shops, nicolae_shop_temple_entry_statues_fountains,
          nicolae_benzene_ring
D:7:      layout_cave_pools
Temple:   cyrus_circular_temple

Skill      XL: |  1  2  3  4  5  6  7  8 |
---------------+-------------------------+-----
Invocations    | 1 2 3 |  3.4
Short Blades   | 1 2 3 |  3.1
Long Blades    | 1 2 3 |  3.1
Axes           | 1 2 3 |  3.1
Polearms       | 1 2 3 |  3.1
Staves         | 1 2 3 |  3.1
Slings         | 1 2 3 |  3.1
Bows           | 1 2 3 |  3.1
Crossbows      | 1 2 3 |  3.1
Throwing       | 1 2 3 |  3.1
Dodging        | 1 2 3 |  3.1
Stealth        | 1 2 3 |  3.1
Unarmed Combat | 1 2 3 |  3.1
Spellcasting   | 1 2 3 |  3.1
Evocations     | 1 2 3 |  3.1
Conjurations   | 1 2 |  2.5
Hexes          | 1 2 |  2.5
Summonings     | 1 2 |  2.5
Necromancy     | 1 2 |  2.5
Translocations | 1 2 |  2.5
Transmutations | 1 2 |  2.5
Fire Magic     | 1 2 |  2.5
Ice Magic      | 1 2 |  2.5
Air Magic      | 1 2 |  2.5
Earth Magic    | 1 2 |  2.5
Poison Magic   | 1 2 |  2.5
Maces & Flails | 5 |  5.6
Fighting       | 7 |  7.3
Armour         | 7 |  7.3
Shields        | 7 |  7.3

Action                   |  1- 3 |  4- 6 |  7- 9 || total
-------------------------+-------+-------+-------++-------
Melee: Flail             |   106 |   116 |    97 ||   319
       Bite              |    12 |     9 |     8 ||    29
Throw: Boomerang         |    48 |    22 |    16 ||    86
       Stone             |       |    63 |       ||    63
       Dart              |       |       |    47 ||    47
  Use: Scroll            |     3 |     3 |     3 ||     9
       Potion            |       |     1 |     1 ||     2
Armor: Scale mail        |    30 |    18 |       ||    48
       Ring mail         |       |    10 |    36 ||    46
Dodge: Dodged            |    22 |    32 |    40 ||    94
Block: Kite shield       |    45 |    57 |    58 ||   160
